 Dungeon Crawl Stone Soup version 0.31.0 (webtiles) character file.

Game seed: 1869794811296744105

434 qw the Shooter (level 7, -1/41 HPs)
             Began as a Gargoyle Hunter on Jan 20, 2024.
             Killed by divine providence
             ... invoked by an orc priest
              (8 damage)
             ... on level 4 of the Dungeon.
             The game lasted 00:00:10 (2830 turns).

qw the Shooter (Gargoyle Hunter)                    Turns: 2830, Time: 00:00:11

Health: -1/41      AC: 11    Str: 20    XL:     7   Next: 0%
Magic:  7/7        EV: 16    Int: 10    God:
Gold:   154        SH:  5    Dex: 15    Spells: 6/6 levels left

rFire   . . .        a - +0 shortbow
rCold   . . .        (shield currently unavailable)
rNeg    + . .        j - +0 ring mail
rPois   inf          (no helmet)
rElec   +            i - +0 cloak
rCorr   .            (no gloves)
SInv    .            (no boots)
Will    .....        g - amulet of reflection
Stlth   +            e - +5 ring of evasion
HPRegen 0.26/turn    l - +6 ring of strength
MPRegen 0.10/turn

%: reflection
@: about to teleport
A: sickness immunity, AC +4, negative energy resistance 1, electricity
resistance, torment resistance 1, petrification resistance
a: no special abilities


You were on level 4 of the Dungeon.
You visited 1 branch of the dungeon, and saw 4 of its levels.

You collected 154 gold pieces.


Innate Abilities, Weirdness & Mutations

You are immune to sickness and miasma.
Your stone body is resilient. (AC +4)
You are immune to poison.
You resist negative energy. (rN+)
You are resistant to electric shocks. (rElec)
You are resistant to unholy torment.
You are immune to petrification.


   Skills:
 + Level 3.2 Fighting
 - Level 6.5 Ranged Weapons
 - Level 4.2 Armour
 - Level 1.5 Dodging
 - Level 1.1 Stealth


You had 6 spell levels left.
You didn't know any spells.
Your spell library was empty.

Inventory:

Hand Weapons
 a - a +0 shortbow (weapon)
Armour
 i - a +0 cloak (worn)
 j - a +0 ring mail (worn)
Jewellery
 e - a +5 ring of evasion (left hand)
 g - an amulet of reflection (around neck)
 h - the amulet of Elemental Vulnerability {rPois rF-- rC-- AC+8}
   (You found it on level 3 of the Dungeon)

   [amulet of nothing]

   AC+8:      It affects your AC (+8).
   rF--:      It makes you very vulnerable to fire.
   rC--:      It makes you very vulnerable to cold.
   rPois:     It protects you from poison
 k - an amulet of faith
 l - a +6 ring of strength (right hand)
Wands
 f - a wand of roots (9)
 m - a wand of light (6)
 n - a wand of flame (5)
Potions
 c - a potion of might
 d - a potion of enlightenment
 o - a potion of resistance {unknown}

Dungeon Overview and Level Annotations

Branches:
Dungeon (4/15)
 Temple: D:4-7

Altars:
Dithmenos
Makhleb
Uskayaw
Zin

Shops:
D:4 =


Message History

The arrow hits the orc.
The orc is moderately wounded.
You hear a shout! x2
The orc priest mumbles some strange prayers to Beogh against you.
Beogh smites you!
A dart slug comes into view.
2817 ||| FLEEEEING.
2820 ||| FLEEEEING.
2821 ||| FLEEEEING.
You shoot an arrow. The arrow hits the orc!
You kill the orc!
You shoot an arrow. The arrow barely misses the orc priest.
You shoot an arrow. The arrow hits the orc priest!
The orc priest is heavily wounded.
The orc priest mumbles some strange prayers to Beogh against you.
Beogh smites you!
You shoot an arrow. The arrow barely misses the orc priest.
The orc priest misses you.
You shoot an arrow.
The arrow closely misses the orc priest.
The orc priest looks satisfied for a moment. x2
You shoot an arrow.
The arrow hits the orc priest but does no damage.
The orc priest is heavily wounded.
The orc priest hits you with a +1 flail of protection!
The orc priest closely misses you.
You shoot an arrow.
The arrow closely misses the orc priest.
The orc priest closely misses you. The orc priest hits you with a +0 whip.
2829 ||| READING scroll of teleportation.
As you read the scroll of teleportation, it crumbles to dust.
You feel strangely unstable. You block the orc priest's attack.
The orc priest hits you but does no damage.
You shoot an arrow. The arrow hits the orc priest.
The orc priest is severely wounded.
The orc priest barely misses you. The orc priest hits you with a +0 whip.
The orc priest mumbles some strange prayers to Beogh against you.
Beogh smites you!
You die...

#.#.#.#<.# ..##
#.#.#[#.#######.## #..
#.#.#.#......##.## #..
#.>............... #..
#.#............... #..
#.#...........#.#. #..
#.#.#.#######.#.##
#..##.#.............##
#.##...w@###.#######.####
#......oo.......####.# #
######)#####.##.#....#
#.#......#.#.####
oo.o....#.######.#.#
w#####..#.##.......#
#..#.##.###.#########
...#....# #..........
##.####### ########.##


You could see 2 orc priests and a dart slug.

Vanquished Creatures
  An orc warrior (D:4)
  A black bear (D:3)
  A jelly (D:4)
  2 bombardier beetles
  A hound (D:4)
  A sleepcap (D:4)
  An iguana (D:4)
  2 adders (D:3)
  3 dart slugs
  An orc (D:4)
  4 bats
  7 endoplasms
  4 giant cockroaches
  3 goblins
  4 hobgoblins
  4 kobolds
  5 ball pythons
  2 frilled lizards
  4 rats
51 creatures vanquished.

Notes
Turn   | Place    | Note
-------+----------+-------------------------------------------
     0 | D:1      | qw the Gargoyle Hunter began the quest for the Orb.
     0 | D:1      | Reached XP level 1. HP: 12/12 MP: 1/1
     0 | D:1      | 0 ||| qw: Version: 0.3-a-132-g3d54051
     0 | D:1      | 0 ||| qw: Game counter: 470
     0 | D:1      | 0 ||| qw: Melee chars always use a shield: true
     0 | D:1      | 0 ||| qw: God list: Okawaru
     0 | D:1      | 0 ||| qw: Allow faded altars: false
     0 | D:1      | 0 ||| qw: Do Orc after clearing Dungeon:15 true
     0 | D:1      | 0 ||| qw: Do second Lair branch before Depths: true
     0 | D:1      | 0 ||| qw: Lair rune preference: random
     0 | D:1      | 0 ||| qw: Goals: Normal
     0 | D:1      | 0 ||| PLANNING D:1-11
   106 | D:1      | Reached XP level 2. HP: 17/17 MP: 2/2
   369 | D:1      | You fall into a shaft and drop 1 floor!
   410 | D:2      | 410 ||| FLEEEEING.
   417 | D:2      | 417 ||| STAIRDANCE
   605 | D:1      | Reached XP level 3. HP: 21/21 MP: 3/3
   684 | D:1      | 684 ||| UPGRADING to +0 ring mail.
   694 | D:1      | 694 ||| DROPPING +0 leather armour.
   695 | D:1      | 695 ||| UPGRADING to +5 ring of evasion.
   696 | D:1      | 696 ||| READING scroll labelled ZEWNEAGAET.
   697 | D:1      | 697 ||| READING scroll labelled KADOWU YNKUR.
   702 | D:1      | 702 ||| READING scroll labelled NAIWAU VEATHRE.
   702 | D:1      | 702 ||| ENCHANTING +0 shortbow.
   703 | D:1      | 703 ||| DROPPING scroll of butterflies.
   855 | D:2      | Found a faded altar of an unknown god.
  1206 | D:2      | 1206 ||| UPGRADING to +0 cloak.
  1211 | D:2      | 1211 ||| UPGRADING to +6 ring of strength.
  1212 | D:2      | 1212 ||| READING scroll labelled READEB FEPNE.
  1313 | D:2      | 1313 ||| READING 4 scrolls labelled EJUSSUXUPP.
  1313 | D:2      | 1313 ||| IDENTIFYING red potion
  1314 | D:2      | 1314 ||| READING 3 scrolls of identify.
  1314 | D:2      | 1314 ||| IDENTIFYING dark potion
  1315 | D:2      | 1315 ||| READING 2 scrolls of identify.
  1315 | D:2      | 1315 ||| IDENTIFYING sedimented red potion
  1316 | D:2      | 1316 ||| READING scroll of identify.
  1316 | D:2      | 1316 ||| IDENTIFYING 2 murky pink potions
  1317 | D:2      | 1317 ||| READING scroll labelled LOUTIZ OFFA.
  1318 | D:2      | 1318 ||| DROPPING 2 potions of invisibility.
  1319 | D:2      | 1319 ||| DROPPING potion of berserk rage.
  1320 | D:2      | 1320 ||| DROPPING potion of lignification.
  1419 | D:3      | Noticed a black bear
  1420 | D:3      | 1420 ||| ZAPPING wand of light (9) at 1,5 (black bear;
                  | floor).
  1421 | D:3      | 1421 ||| ZAPPING wand of light (8) at 0,4 (black bear;
                  | floor).
  1422 | D:3      | 1422 ||| ZAPPING wand of light (7) at 0,3 (black bear;
                  | floor).
  1422 | D:3      | Killed a black bear
  1423 | D:3      | Reached XP level 4. HP: 26/26 MP: 4/4
  1423 | D:3      | Reached XP level 5. HP: 30/30 MP: 5/5
  1463 | D:3      | Found the amulet of Elemental Vulnerability {rPois rF--
                  | rC-- AC+8}
  1499 | D:3      | 1499 ||| UPGRADING to amulet of reflection.
  1529 | D:3      | Reached skill level 5 in Ranged Weapons
  1594 | D:3      | Found a hide-covered altar of Uskayaw.
  1598 | D:3      | Found a burning altar of Makhleb.
  1601 | D:3      | Found a shadowy altar of Dithmenos.
  1684 | D:3      | 1684 ||| FLEEEEING.
  1693 | D:3      | 1693 ||| STAIRDANCE
  1702 | D:2      | 1702 ||| READING 3 scrolls of identify.
  1702 | D:2      | 1702 ||| IDENTIFYING blue potion
  1703 | D:2      | 1703 ||| READING 2 scrolls of identify.
  1703 | D:2      | 1703 ||| IDENTIFYING fuming brown potion
  1704 | D:2      | 1704 ||| READING scroll of identify.
  1704 | D:2      | 1704 ||| IDENTIFYING scroll labelled SOM NIACSONK
  1705 | D:2      | 1705 ||| DROPPING potion of degeneration.
  1706 | D:2      | 1706 ||| DROPPING scroll of fog.
  2319 | D:4      | Reached skill level 3 in Fighting
  2393 | D:4      | Reached XP level 6. HP: 37/37 MP: 6/6
  2603 | D:4      | Found a glowing silver altar of Zin.
  2702 | D:4      | Found Yneips's Jewellery Emporium.
  2706 | D:4      | 2706 ||| SHOPLISTING ring "Gebeg" {rC+ Will+ rCorr SInv}
                  | (402 gold, have 154).
  2706 | D:4      | 2706 ||| SHOPLISTING ring of ice (250 gold, have 154).
  2706 | D:4      | 2706 ||| SHOPLISTING ring of willpower (250 gold, have
                  | 154).
  2709 | D:4      | Noticed an orc warrior
  2710 | D:4      | 2710 ||| ZAPPING wand of flame (18) at -2,3 (orc warrior;
                  | floor).
  2711 | D:4      | 2711 ||| ZAPPING wand of flame (17) at -1,2 (orc warrior;
                  | floor).
  2712 | D:4      | 2712 ||| ZAPPING wand of flame (16) at -1,1 (orc warrior;
                  | floor).
  2713 | D:4      | 2713 ||| ZAPPING wand of flame (15) at -1,1 (orc warrior;
                  | floor).
  2714 | D:4      | 2714 ||| ZAPPING wand of flame (14) at -1,1 (orc warrior;
                  | floor).
  2715 | D:4      | 2715 ||| ZAPPING wand of flame (13) at -1,1 (orc warrior;
                  | floor).
  2716 | D:4      | 2716 ||| ZAPPING wand of flame (12) at -1,1 (orc warrior;
                  | floor).
  2717 | D:4      | 2717 ||| ZAPPING wand of flame (11) at -1,1 (orc warrior;
                  | floor).
  2718 | D:4      | 2718 ||| ZAPPING wand of flame (10) at -1,1 (orc warrior;
                  | floor).
  2719 | D:4      | 2719 ||| ZAPPING wand of flame (9) at -1,1 (orc warrior;
                  | floor).
  2720 | D:4      | 2720 ||| ZAPPING wand of flame (8) at -1,1 (orc warrior;
                  | floor).
  2721 | D:4      | 2721 ||| ZAPPING wand of flame (7) at -1,1 (orc warrior;
                  | floor).
  2722 | D:4      | 2722 ||| ZAPPING wand of flame (6) at -1,1 (orc warrior;
                  | floor).
  2722 | D:4      | Killed an orc warrior
  2723 | D:4      | Reached skill level 6 in Ranged Weapons
  2724 | D:4      | 2724 ||| FLEEEEING.
  2812 | D:4      | Reached XP level 7. HP: 41/41 MP: 7/7
  2817 | D:4      | 2817 ||| FLEEEEING.
  2820 | D:4      | 2820 ||| FLEEEEING.
  2821 | D:4      | 2821 ||| FLEEEEING.
  2828 | D:4      | HP: 7/41 [orc priest/+0 whip (5)]
  2829 | D:4      | 2829 ||| READING scroll of teleportation.
  2830 | D:4      | Killed from afar by an orc priest

Levels and vault maps discovered:
D:1:      zelgadis_glass_arrival_small, layout_basic,
          nicolae_houndstooth_variations
D:2:      layout_basic, hellmonk_ecumenical_altar_run_dry
D:3:      layout_basic, grunt_temple_overflow_diamond, serial_co_window_serial,
          co_window_corner_a, co_window_paths_a, co_window_paths_a,
          co_window_corner_a, co_window_cross_1, co_window_broadway_c,
          co_window_cross_3, co_window_broadway_c, co_window_2corner,
          glass_columns_a, glass_columns_a, glass_columns_a, glass_columns_b,
          grunt_ministairs_8, minivault_24
D:4:      layout_basic, marbit_many_paths, serial_shops, nicolae_shop_crystal,
          minmay_manual_mess

Skill      XL: |  1  2  3  4  5  6 |
---------------+-------------------+-----
Armour         | 4 |  4.2
Ranged Weapons | 5 6 |  6.5
Fighting       | 3 |  3.2
Dodging        | |  1.5
Stealth        | |  1.1

Action                     |  1- 3 |  4- 6 |  7- 9 || total
---------------------------+-------+-------+-------++-------
   Fire: Shortbow          |    67 |    92 |     9 ||   168
  Evoke: Wand              |     3 |    13 |       ||    16
    Use: Scroll            |     9 |     3 |     1 ||    13
 Armour: Leather armour    |    12 |       |       ||    12
         Ring mail         |       |    22 |     4 ||    26
  Dodge: Dodged            |    10 |    43 |     4 ||    57
  Block: Other             |       |    19 |     1 ||    20

Table legend:
 A = Non-vault XP
 B = Vault XP
 C = Vault XP percentage of total XP
 D = Non-vault monster count
 E = Vault monster count
 F = Vault count percentage of total count
                 A         B        C        D         E       F
            +---------+---------+-------+---------+---------+-------
      Total |     465 |     156 |  25.1 |      45 |       6 |  11.8
            +---------+---------+-------+---------+---------+-------
        D:1 |      33 |       0 |   0.0 |      18 |       0 |   0.0
        D:2 |      12 |       0 |   0.0 |       6 |       0 |   0.0
        D:3 |     201 |      15 |   6.9 |      13 |       2 |  13.3
        D:4 |     219 |     141 |  39.2 |       8 |       4 |  33.3
            +---------+---------+-------+---------+---------+-------
